[Event "Nordic Youth Chess Championships 2022: Class D - U13"]
[Site "Scandic Helsingborg Nord, Florettgatan 41, Helsingborg, Sweden"]
[Date "2022.08.28"]
[Round "5.1"]
[White "Zander, Emil"]
[Black "Jaakkola, Niklas"]
[Result "1-0"]
[WhiteElo "1991"]
[BlackElo "1894"]
[TimeControl "90 minutes with 30 seconds increment per move."]
[WhiteFideId "1467123"]
[BlackFideId "514977"]

1.e4 c5 2.Nf3 d6 3.d4 cxd4 4.Nxd4 Nf6 5.Nc3 a6 6.f3 e5 7.Nb3 Be6 8.Be3 Be7
9.Qd2 O-O 10.O-O-O Nbd7 11.g4 b5 12.g5 Nh5 13.Nd5 Bxd5 14.exd5 f6 15.gxf6 
Bxf6 16.Kb1 Qe8 17.Bd3 Bd8 18.Rhg1 Nf4 19.Bxf4 Rxf4 20.Rg3 Bb6 21.Qg2 Qe7 
22.Nd2 Nf6 23.Qh3 Kh8 24.Ne4 Nxe4 25.Bxe4 Rh4 26.Qg2 Qf7 27.Rg5 Be3 28.Rg4
Qf6 29.Qg3 Rh5 30.h4 Rg8 31.Rd3 Bf4 32.Qf2 g5 33.Rd1 Rxh4 34.Rdg1 h5 35.
Qxh4 Kg7 36.Qxh5 Rh8 37.Rxg5+ Bxg5 38.Qxg5+ Qxg5 39.Rxg5+ Kf6 40.Rg6+ Kf7 
41.a3 1-0

[Event "Nordic Youth Chess Championships 2022: Class D - U13"]
[Site "Scandic Helsingborg Nord, Florettgatan 41, Helsingborg, Sweden"]
[Date "2022.08.28"]
[Round "5.2"]
[White "Heidarsson, Mikael Bjarki"]
[Black "Ostensen, Nicolai Maxime"]
[Result "0-1"]
[WhiteElo "1701"]
[BlackElo "2174"]
[TimeControl "90 minutes with 30 seconds increment per move."]
[WhiteFideId "2317532"]
[BlackFideId "1546970"]

1.d4 d5 2.c4 c6 3.cxd5 cxd5 4.Nc3 Nf6 5.Bg5 Nc6 6.e3 e6 7.Nf3 Bb4 8.Nd2 h6
9.Bh4 O-O 10.Bd3 Be7 11.a3 e5 12.dxe5 Nxe5 13.Nb3 Ng6 14.Bxg6 fxg6 15.O-O 
Be6 16.Nd4 Bf7 17.Qb3 g5 18.Bg3 Qd7 19.Rfd1 Rfd8 20.Qb5 Rac8 21.Qxd7 Rxd7 
22.Rac1 Rc4 23.Nf3 Rd8 24.Ne5 Rc5 25.Nxf7 Kxf7 26.Be5 b6 27.Bd4 Rc4 28.Rc2
Rdc8 29.Rdc1 Ne4 30.Kf1 Bf6 31.Bxf6 gxf6 32.Ke2 Nxc3+ 33.Rxc3 Rxc3 34.Rxc3
Rxc3 35.bxc3 Ke6 36.Kd3 Ke5 37.g3 g4 38.a4 a6 39.Kc2 Kd6 40.Kb2 Kc5 41.Kb3
a5 42.Kb2 b5 43.Kb3 Kb6 44.Ka3 bxa4 45.Kxa4 Ka6 0-1

[Event "Nordic Youth Chess Championships 2022: Class D - U13"]
[Site "Scandic Helsingborg Nord, Florettgatan 41, Helsingborg, Sweden"]
[Date "2022.08.28"]
[Round "5.3"]
[White "Medhus, Vitus Bondo"]
[Black "Morell, Oscar"]
[Result "1-0"]
[WhiteElo "2050"]
[BlackElo "1905"]
[TimeControl "90 minutes with 30 seconds increment per move."]
[WhiteFideId "1462547"]
[BlackFideId "1752952"]

1.e4 c5 2.Nc3 Nc6 3.f4 g6 4.Nf3 Bg7 5.Bb5 e6 6.Bxc6 bxc6 7.O-O d5 8.e5 Ne7
9.b3 O-O 10.Ba3 c4 11.bxc4 dxc4 12.Ne4 Ba6 13.c3 Re8 14.Nd6 Qb6+ 15.Kh1 
Red8 16.Ng5 Nd5 17.Ngxf7 Rd7 18.Ng5 Nxf4 19.Rxf4 Qa5 20.Qg4 Qxe5 21.Re4 
Qd5 22.Rxe6 h5 23.Qe2 Qxg5 24.Re8+ Kh7 25.Rxa8 Be5 26.Rf1 Bxd6 27.Bxd6 
Rxd6 28.Rf7+ Kh6 29.Rh8# 1-0

[Event "Nordic Youth Chess Championships 2022: Class D - U13"]
[Site "Scandic Helsingborg Nord, Florettgatan 41, Helsingborg, Sweden"]
[Date "2022.08.28"]
[Round "6.1"]
[White "Ostensen, Nicolai Maxime"]
[Black "Zander, Emil"]
[Result "1-0"]
[WhiteElo "2174"]
[BlackElo "1991"]
[TimeControl "90 minutes with 30 seconds increment per move."]
[WhiteFideId "1546970"]
[BlackFideId "1467123"]

1.c4 e5 2.Nc3 Nf6 3.Nf3 Nc6 4.a3 d5 5.cxd5 Nxd5 6.d3 Bg4 7.e3 Qd7 8.Be2 
Be7 9.h3 Be6 10.Qc2 O-O 11.O-O f5 12.Bd2 Rad8 13.b4 Bf6 14.Rac1 Nxc3 15.
Bxc3 a6 16.Qb2 e4 17.dxe4 fxe4 18.Ne5 Nxe5 19.Bxe5 c6 20.Rfd1 Qf7 21.Bxf6 
gxf6 22.Rd4 Qg6 23.Bc4 Bxc4 24.Rcxc4 f5 25.Rxd8 Rxd8 26.Qe5 Rd1+ 27.Kh2 
Qd6 28.Rc5 Qxe5+ 29.Rxe5 Rd5 30.Re7 Rd3 31.Rxb7 Rxa3 32.Rb6 Rb3 33.g4 Kf7 
34.Kg3 fxg4 35.hxg4 Rc3 36.Rxa6 Rc4 37.Rb6 Ke7 38.Kf4 Kd7 39.b5 c5 40.Rb7+
Ke6 41.Rxh7 Rb4 42.Rb7 Kd5 43.g5 c4 44.g6 Rb1 45.g7 Rg1 46.Rc7 c3 47.b6 
1-0

[Event "Nordic Youth Chess Championships 2022: Class D - U13"]
[Site "Scandic Helsingborg Nord, Florettgatan 41, Helsingborg, Sweden"]
[Date "2022.08.28"]
[Round "6.2"]
[White "Asikainen, Eeli"]
[Black "Medhus, Vitus Bondo"]
[Result "1-0"]
[WhiteElo "1802"]
[BlackElo "2050"]
[TimeControl "90 minutes with 30 seconds increment per move."]
[WhiteFideId "515990"]
[BlackFideId "1462547"]

1.e4 c5 2.Nf3 Nc6 3.d4 cxd4 4.Nxd4 e5 5.Nb5 d6 6.c4 Be7 7.N5c3 Nf6 8.Bd3 
O-O 9.O-O Nd7 10.Nd5 Nc5 11.Nbc3 Bg5 12.b4 Nxd3 13.Qxd3 f5 14.f3 Bxc1 15.
Raxc1 Nxb4 16.Nxb4 Qb6+ 17.Kh1 Qxb4 18.Nd5 Qc5 19.exf5 Kh8 20.Ne3 Bd7 21.
Rfd1 Ba4 22.Re1 Rac8 23.Qe4 b5 24.Qh4 Qd4 25.Qe4 b4 26.Qb7 a5 27.f6 e4 28.
Qxg7# 1-0

[Event "Nordic Youth Chess Championships 2022: Class D - U13"]
[Site "Scandic Helsingborg Nord, Florettgatan 41, Helsingborg, Sweden"]
[Date "2022.08.28"]
[Round "6.3"]
[White "Jaakkola, Niklas"]
[Black "Sakic, Matija"]
[Result "1/2-1/2"]
[WhiteElo "1894"]
[BlackElo "1797"]
[TimeControl "90 minutes with 30 seconds increment per move."]
[WhiteFideId "514977"]
[BlackFideId "1744372"]

1.e4 c6 2.d4 d5 3.e5 Bf5 4.h4 h5 5.Bd3 Bxd3 6.Qxd3 Qa5+ 7.Nc3 Qa6 8.e6 
Qxd3 9.exf7+ Kxf7 10.cxd3 e6 11.Nf3 Bd6 12.O-O Nd7 13.Re1 Re8 14.Ng5+ Kf6 
15.Ne2 Bb4 16.Nc3 Bd6 17.Bd2 Nh6 18.Ne2 Nf7 19.f4 Nh6 20.Ng3 g6 21.Re2 Re7
22.b4 Rhe8 23.Nf3 Nf5 24.Nxf5 exf5 25.Ne5 Bxe5 26.dxe5+ Ke6 27.Be3 b6 28.
Rc2 Nb8 29.a4 Rd8 30.d4 Rc7 31.b5 Rdc8 32.a5 cxb5 33.Rxc7 Rxc7 34.axb6 
axb6 35.Rb1 Nd7 36.Rxb5 Rc6 37.Kf1 Nb8 38.Ke2 Nd7 39.Kd3 Rc8 40.Bd2 Ra8 
41.Bc3 Ra2 42.Bb2 Ra4 43.Kc3 Rc4+ 44.Kb3 Rc6 45.Rb4 Nb8 46.Ra4 Rc7 47.Ba3 
Nc6 48.Bd6 Ra7 49.Rxa7 Nxa7 50.Bc7 b5 51.Kb4 Nc6+ 52.Kc3 Kd7 53.Bd6 Ke6 
54.Bb4 Kd7 55.Bc5 Ke6 56.Bd6 Kd7 57.Bf8 Ke6 58.Bb4 Kd7 59.Bc5 1/2-1/2